[Event "Titled Tuesday Blitz July 25 Early 2023"]
[White "Morefield, Jason"]
[Black "Jaskolka, Tomasz"]
[WhiteFideId "30920825"]
[BlackFideId "1170791"]
[WhiteElo "2735"]
[BlackElo "2517"]
[Result "1-0"]
[Round "4"]
[TimeControl "180+2"]
[Date "2023.07.25"]
[WhiteClock "0:00:13"]
[BlackClock "0:00:09"]
[Board "75"]

1. e4 d5 2. exd5 Nf6 3. Nf3 Bg4 4. Be2 Qxd5 5. O-O e6 6. c4 Qd7 7. d4 Nc6 8. Be3 Be7 9. Nc3 O-O 10. Qd2 Rad8 11. Rad1 Bb4 12. Qc2 Bf5 13. Qb3 Qe7 14. a3 Bxc3 15. Qxc3 Ne4 16. Qb3 b6 17. Qa4 Na5 18. Ne5 Qe8 19. Qxe8 Rfxe8 20. f3 Nd6 21. b4 Nab7 22. Nc6 Ra8 23. g4 Bg6 24. Kf2 a5 25. b5 f6 26. Bf4 Nd8 27. c5 N6b7 28. Bxc7 bxc5 29. dxc5 Nxc6 30. bxc6 Nxc5 31. Bb6 Na4 32. Bd4 Rac8 33. Bb5 e5 34. Bxa4 exd4 35. Rxd4 Re5 36. Rfd1 Be8 37. Rd8 Rxd8 38. Rxd8 Kf7 39. c7 Rc5 40. Bxe8+ Ke7 41. c8=Q 1-0


[Site "https://www.chess.com"]

[Event "Titled Tuesday Blitz July 25 Early 2023"]
[White "only_strong_moves"]
[Black "Fantastic_Power"]
[WhiteElo "2517"]
[BlackElo "2733"]
[Result "0-1"]
[Round "4"]
[TimeControl "180+2"]
[Date "2023.07.25"]
[WhiteClock "0:00:15"]
[BlackClock "0:00:05"]
[Board "76"]

1. d4 Nf6 2. Nc3 g6 3. Bf4 Bg7 4. e3 c5 5. d5 d6 6. h3 Na6 7. Bb5+ Nd7 8. Nge2 Nc7 9. a4 Rb8 10. O-O a6 11. Bxd7+ Bxd7 12. a5 O-O 13. e4 b5 14. axb6 Rxb6 15. Ra2 Nb5 16. Na4 Rb7 17. Be3 Qc7 18. c4 Na7 19. Bd2 Nc8 20. Bc3 Bxa4 21. Qxa4 Nb6 22. Qc2 Bxc3 23. Qxc3 Ra8 24. f4 Nd7 25. Nc1 a5 26. Nd3 a4 27. e5 Rb3 28. Qxb3 axb3 29. Rxa8+ Kg7 30. Rfa1 dxe5 31. R8a7 Qd8 32. fxe5 Nb6 33. Rc1 Nxd5 34. cxd5 c4 35. Nf2 Qxd5 36. Rc7 Qxe5 37. R7xc4 Qxb2 38. Nd3 Qd2 39. Nc5 Qa2 40. Nd3 b2 41. Nxb2 Qxb2 42. Re1 Qb6+ 43. Kh1 e6 44. Rce4 Qd6 45. R4e2 Kf8 46. Rf1 h5 47. Ref2 Qd7 48. Ra2 Kg7 49. Ra8 Qb7 50. Ra3 f5 51. Raf3 Kf6 52. Re1 e5 53. Kg1 e4 54. Rf2 Qb6 55. Kf1 Kg5 56. g3 h4 57. g4 Qb5+ 58. Kg2 Qd5 59. gxf5 gxf5 60. Kh2 f4 61. Rg2+ Kf6 62. Reg1 Qe5 63. Rg4 f3+ 64. Kh1 f2 65. Rf1 e3 66. Rg2 Ke6 67. Rh2 Qg3 68. Ra1 Qf3+ 69. Rg2 f1=Q+ 70. Rxf1 Qxf1+ 71. Rg1 Qxh3# 0-1


[Site "https://www.chess.com"]

[Event "Titled Tuesday Blitz July 25 Early 2023"]
[White "Skvortsov, Andrei"]
[Black "ATM622"]
[WhiteFideId "24108600"]
[WhiteElo "2732"]
[BlackElo "2513"]
[Result "1-0"]
[Round "4"]
[TimeControl "180+2"]
[Date "2023.07.25"]
[WhiteClock "0:00:33"]
[BlackClock "0:00:01"]
[Board "77"]

1. e4 c6 2. Nc3 d5 3. Nf3 dxe4 4. Nxe4 Bf5 5. Ng3 Bg6 6. Ne5 Nd7 7. Nxg6 hxg6 8. d4 Ngf6 9. c3 Qc7 10. h3 O-O-O 11. Qb3 e6 12. Ne2 Nb6 13. a4 Bd6 14. a5 Nbd5 15. a6 b6 16. g3 e5 17. dxe5 Bxe5 18. Bg2 Rhe8 19. O-O Nd7 20. Nd4 Nc5 21. Qc2 Bxd4 22. cxd4 Ne6 23. Qc4 b5 24. Qd3 Nb4 25. Qc3 Qd6 26. d5 Nxd5 27. Qf3 Rd7 28. Rd1 f5 29. b3 Qe5 30. Ba3 f4 31. Rac1 Nd4 32. Rxd4 Qxd4 33. Rxc6+ Kb8 34. Bc5 Re1+ 35. Kh2 Qd1 36. Bd6+ Rxd6 37. Rxd6 fxg3+ 38. Qxg3 Re5 39. Qxe5 1-0


[Site "https://www.chess.com"]

[Event "Titled Tuesday Blitz July 25 Early 2023"]
[White "Timmermans, Mark"]
[Black "Kuznetsova, Olga"]
[WhiteFideId "1026399"]
[BlackFideId "4191323"]
[WhiteElo "2731"]
[BlackElo "2513"]
[Result "1-0"]
[Round "4"]
[TimeControl "180+2"]
[Date "2023.07.25"]
[WhiteClock "0:00:40"]
[BlackClock "0:00:14"]
[Board "78"]

1. b4 e6 2. Bb2 Nf6 3. b5 a6 4. a4 axb5 5. axb5 Rxa1 6. Bxa1 d6 7. c4 Be7 8. e3 O-O 9. Nf3 b6 10. Be2 Bb7 11. O-O Nbd7 12. d4 Ne4 13. Nc3 f5 14. Nxe4 Bxe4 15. Nd2 Bb7 16. Bf3 Qa8 17. Bc3 Bf6 18. Qb3 Bxf3 19. Nxf3 Kf7 20. Ra1 Qe4 21. Ra7 Rc8 22. h3 h6 23. Bb4 Be7 24. Nd2 Qh4 25. Qd3 Qf6 26. Bc3 Qg6 27. Nf3 Nf6 28. Nd2 Ne4 29. Nxe4 fxe4 30. Qe2 Qf5 31. f3 exf3 32. Qxf3 Qxf3 33. gxf3 Bf6 34. Bb4 Ke7 35. Kf2 Kd7 36. Ke2 Be7 37. Kd3 Rf8 38. f4 g5 39. fxg5 hxg5 40. c5 dxc5 41. dxc5 bxc5 42. Ba5 Bd6 43. b6 Kc6 44. bxc7 Rc8 45. Kc4 Bxc7 46. Rxc7+ Rxc7 47. Bxc7 Kxc7 48. Kxc5 Kd7 49. e4 Ke7 50. e5 Kd7 51. Kb6 1-0


[Site "https://www.chess.com"]

[Event "Titled Tuesday Blitz July 25 Early 2023"]
[White "Dehtiarov, Roman"]
[Black "Kaplan, Avi Harrison"]
[WhiteFideId "14186640"]
[BlackFideId "30934559"]
[WhiteElo "2727"]
[BlackElo "2513"]
[Result "1-0"]
[Round "4"]
[TimeControl "180+2"]
[Date "2023.07.25"]
[WhiteClock "0:00:06"]
[BlackClock "0:00:03"]
[Board "79"]

1. c4 Nf6 2. Nc3 g6 3. g3 Bg7 4. Bg2 O-O 5. e4 d6 6. Nge2 e5 7. O-O Nbd7 8. d3 a5 9. h3 Nc5 10. Be3 b6 11. Qd2 Re8 12. f4 c6 13. Rad1 Bb7 14. Kh2 d5 15. fxe5 Nfd7 16. d4 Nxe4 17. Nxe4 dxe4 18. Nc3 c5 19. Qf2 Rf8 20. dxc5 Bxe5 21. cxb6 f5 22. Bf4 Bg7 23. Nb5 g5 24. Bxg5 Qxg5 25. Rxd7 Bc6 26. Rc7 Bxb5 27. cxb5 Be5 28. Rc5 Bd6 29. Rd5 Rad8 30. Bxe4 Qxg3+ 31. Qxg3+ Bxg3+ 32. Kxg3 fxe4 33. Rxf8+ Rxf8 34. Re5 Rb8 35. Rxe4 Rxb6 36. a4 h5 37. b4 axb4 38. Rxb4 Kg7 39. a5 Rh6 40. a6 h4+ 41. Rxh4 Rf6 42. Rg4+ Kh7 43. a7 Rf8 44. b6 Kh8 45. b7 Kh7 46. b8=Q Rf7 47. Qg8+ Kh6 48. Qg6# 1-0


[Site "https://www.chess.com"]

[Event "Titled Tuesday Blitz July 25 Early 2023"]
[White "Mayank Chakraborty"]
[Black "NigelDwarf"]
[WhiteFideId "25659766"]
[WhiteElo "2725"]
[BlackElo "2512"]
[Result "1-0"]
[Round "4"]
[TimeControl "180+2"]
[Date "2023.07.25"]
[WhiteClock "0:00:49"]
[BlackClock "0:00:07"]
[Board "80"]

1. Nf3 Nf6 2. b3 g6 3. Bb2 Bg7 4. e3 O-O 5. Be2 d6 6. O-O e5 7. d4 e4 8. Nfd2 d5 9. c4 c6 10. Nc3 h5 11. h3 Bf5 12. b4 Nbd7 13. b5 Re8 14. a4 Nf8 15. a5 a6 16. bxc6 bxc6 17. cxd5 cxd5 18. Nb3 Ne6 19. Na4 h4 20. Nac5 Ng5 21. Re1 Bxh3 22. gxh3 Nxh3+ 23. Kg2 Qc8 24. Rh1 Nxf2 25. Kxf2 Qf5+ 26. Ke1 Bh6 27. Qd2 Qg5 28. Kd1 Qg3 29. Bc1 h3 30. Qe1 Qg2 31. Qf1 Ng4 32. Bxg4 Qxg4+ 33. Kc2 Rac8 34. Bd2 Rc6 35. Qxh3 Qe2 36. Qf1 1-0


[Site "https://www.chess.com"]

[Event "Titled Tuesday Blitz July 25 Early 2023"]
[White "Goltsev, Dmitry"]
[Black "Shapiro, Viktor"]
[WhiteFideId "24176710"]
[BlackFideId "4175700"]
[WhiteElo "2723"]
[BlackElo "2510"]
[Result "0-1"]
[Round "4"]
[TimeControl "180+2"]
[Date "2023.07.25"]
[WhiteClock "0:00:01"]
[BlackClock "0:00:15"]
[Board "81"]

1. e4 Nf6 2. e5 Nd5 3. Nc3 Nb6 4. d4 d6 5. exd6 cxd6 6. Bd3 g6 7. Nf3 Bg4 8. h3 Bxf3 9. Qxf3 Nc6 10. Ne2 Bg7 11. c3 e5 12. Bb5 O-O 13. O-O Rc8 14. Bxc6 Rxc6 15. dxe5 dxe5 16. Be3 Nc4 17. b3 Nxe3 18. Qxe3 a6 19. Rad1 Rd6 20. Qc1 e4 21. Rxd6 Qxd6 22. Rd1 Qc6 23. c4 Re8 24. Qd2 Qb6 25. Qd7 Rf8 26. Qd6 Qa5 27. a3 Re8 28. Qd7 Rb8 29. Qd6 Rc8 30. Nf4 Bf8 31. Qd7 Rb8 32. Nd5 Qxa3 33. Nf6+ Kh8 34. Qxf7 Bg7 35. Nxe4 Qxb3 36. Rd7 Qb2 37. Nd6 Rf8 38. Qd5 Qxf2+ 39. Kh2 Qf4+ 40. Kh1 Be5 41. g3 Qf1+ 42. Kh2 Rf2+ 43. Qg2 Qxg2# 0-1


[Site "https://www.chess.com"]

[Event "Titled Tuesday Blitz July 25 Early 2023"]
[White "Khamdamova, Afruza"]
[Black "realmadridfc123"]
[WhiteFideId "14210444"]
[WhiteElo "2509"]
[BlackElo "2716"]
[Result "0-1"]
[Round "4"]
[TimeControl "180+2"]
[Date "2023.07.25"]
[WhiteClock "0:00:02"]
[BlackClock "0:00:08"]
[Board "82"]

1. e4 e5 2. Nf3 Nc6 3. Bb5 a6 4. Ba4 Nf6 5. O-O b5 6. Bb3 Bc5 7. c3 d6 8. d4 Bb6 9. Be3 O-O 10. Nbd2 Bb7 11. Re1 h6 12. Bc2 Re8 13. h3 exd4 14. cxd4 Nb4 15. e5 Nxc2 16. Qxc2 Nd5 17. Rac1 Rc8 18. exd6 Qxd6 19. Ne4 Qg6 20. Nc5 Qxc2 21. Rxc2 Nb4 22. Rd2 Bxf3 23. gxf3 Nxa2 24. Ra1 Nb4 25. b3 Bxc5 26. dxc5 Red8 27. Kf1 Kf8 28. Rad1 Rxd2 29. Bxd2 Nc6 30. Ra1 Ra8 31. b4 Ne5 32. Kg2 Nc6 33. Bc3 f6 34. f4 Ne7 35. Kf3 Nd5 36. Bd2 c6 37. f5 Kf7 38. Kg4 Ne7 39. Bf4 h5+ 40. Kxh5 Nxf5 41. Kg4 Ne7 42. Bd6 Nd5 43. Rb1 Re8 44. Kf3 Rh8 45. Kg2 Rh4 46. f4 Nxf4+ 47. Kg3 g5 48. Ra1 Nd5 49. Rxa6 Nxb4 50. Ra7+ Kg6 51. Rc7 Rc4 52. Be7 Rc3+ 53. Kg2 Nd5 54. Rd7 Nxe7 55. Rxe7 Rxc5 56. Rb7 Rc4 57. Rb6 b4 0-1


[Site "https://www.chess.com"]

[Event "Titled Tuesday Blitz July 25 Early 2023"]
[White "Darini, Pouria"]
[Black "Berezin, Viktor"]
[WhiteFideId "12502200"]
[BlackFideId "14107872"]
[WhiteElo "2714"]
[BlackElo "2506"]
[Result "1-0"]
[Round "4"]
[TimeControl "180+2"]
[Date "2023.07.25"]
[WhiteClock "0:00:05"]
[BlackClock "0:00:03"]
[Board "83"]

1. Nf3 Nf6 2. d4 g6 3. Bg5 Bg7 4. Nbd2 O-O 5. c3 d6 6. e4 Nc6 7. Bc4 e5 8. dxe5 Nxe5 9. Nxe5 dxe5 10. O-O c6 11. Qe2 Qc7 12. Rfd1 h6 13. Bxf6 Bxf6 14. a4 Qe7 15. a5 Be6 16. Bxe6 Qxe6 17. Qc4 Qg4 18. f3 Qg5 19. Qe2 Be7 20. Nb3 Rad8 21. a6 b6 22. Rd3 Rxd3 23. Qxd3 Rd8 24. Qe2 Kg7 25. Kf1 Qf4 26. g3 Qf6 27. Rd1 Qe6 28. Rxd8 Bxd8 29. Nc1 b5 30. Nd3 Bb6 31. Nb4 Qd6 32. Nd3 Qe6 33. Nc1 Qd6 34. b4 h5 35. Nd3 Qe6 36. Kg2 Qc4 37. Qd2 Qe6 38. Nb2 Qc8 39. Qd6 Qxa6 40. Qxe5+ Kh7 41. Qf4 Kg8 42. Nd3 Qa1 43. Qc1 Qa2+ 44. Kh3 Qe2 45. Ne5 Be3 46. Qh1 h4 47. Qg2 Qd1 48. gxh4 Qd6 49. Qg3 Bh6 50. Kg2 Bg7 51. Ng4 Qd2+ 52. Kh3 Qxc3 53. h5 gxh5 54. Nh6+ Kf8 55. Qb8+ Ke7 56. Nf5+ Kf6 57. Qd6+ Kg5 58. Qg3+ 1-0


[Site "https://www.chess.com"]

[Event "Titled Tuesday Blitz July 25 Early 2023"]
[White "Liyanage, Ranindu Dilshan"]
[Black "Osmak, Yuliia"]
[WhiteFideId "9915834"]
[BlackFideId "14101602"]
[WhiteElo "2714"]
[BlackElo "2499"]
[Result "0-1"]
[Round "4"]
[TimeControl "180+2"]
[Date "2023.07.25"]
[WhiteClock "0:00:07"]
[BlackClock "0:00:04"]
[Board "84"]

1. e4 c5 2. Nc3 a6 3. g3 b5 4. Bg2 Bb7 5. Nge2 b4 6. Na4 e5 7. c3 a5 8. d4 cxd4 9. cxd4 Nf6 10. dxe5 Nxe4 11. O-O d5 12. exd6 Bxd6 13. Qd4 Qe7 14. Nf4 Be5 15. Qd3 Bxf4 16. Bxf4 O-O 17. Rfe1 Rd8 18. Rxe4 Bxe4 19. Qxe4 Qxe4 20. Bxe4 Ra7 21. Rc1 Re7 22. Bf3 Nd7 23. Rd1 Rde8 24. Kg2 Ne5 25. Bd5 h6 26. Nc5 g5 27. Be3 Ng4 28. Bd4 Ne5 29. Ne4 Rd8 30. Bxe5 Rxe5 31. Bxf7+ Kxf7 32. Nxg5+ hxg5 33. Rxd8 Re2 34. Ra8 Rxb2 35. Rxa5 g4 36. Rb5 Kf6 37. Ra5 Ke6 38. Kf1 Kf6 39. Rb5 Kg6 40. Rb6+ Kf5 41. Rb5+ Ke4 42. Rg5 Kf3 43. Rf5+ Ke4 44. Rf4+ Kd3 45. Rxg4 Kc3 46. h4 Rxa2 47. h5 Ra5 48. h6 b3 49. Rg6 b2 50. Rb6 Rh5 51. Kg2 Rxh6 52. Rxb2 Kxb2 53. f4 Kc3 54. Kf3 Kd4 55. g4 Rh3+ 56. Kg2 Ra3 57. Kf2 Ke4 58. f5 Kf4 0-1


[Site "https://www.chess.com"]

[Event "Titled Tuesday Blitz July 25 Early 2023"]
[White "Williams, Simon K"]
[Black "Taboas Rodriguez, Daniel"]
[WhiteFideId "404454"]
[BlackFideId "2208466"]
[WhiteElo "2713"]
[BlackElo "2497"]
[Result "1-0"]
[Round "4"]
[TimeControl "180+2"]
[Date "2023.07.25"]
[WhiteClock "0:00:25"]
[BlackClock "0:00:06"]
[Board "85"]

1. d4 Nf6 2. Bg5 d5 3. Nd2 Bf5 4. e3 Nbd7 5. Ngf3 h6 6. Bh4 e6 7. c4 Be7 8. Be2 O-O 9. O-O c6 10. Qb3 Qb6 11. c5 Qxb3 12. axb3 a6 13. b4 g5 14. Bg3 Nh5 15. Bc7 Rfc8 16. Ba5 Nhf6 17. Ne1 e5 18. Bd3 Bxd3 19. Nxd3 e4 20. Ne1 Ne8 21. f3 f5 22. fxe4 fxe4 23. Nc2 Nc7 24. Bxc7 Rxc7 25. Nb3 Rb8 26. Rf5 Kg7 27. Raf1 Bf6 28. Na5 Rcc8 29. g4 Rf8 30. h3 Bd8 31. Na1 Bxa5 32. bxa5 Rxf5 33. Rxf5 Rf8 34. Rxf8 Kxf8 35. Nb3 Nf6 36. Nc1 h5 37. gxh5 Nxh5 38. Kg2 Kf7 39. Ne2 Kg6 40. Nc3 Kf5 41. Na4 Nf6 42. Nb6 g4 43. h4 Kg6 44. Nc8 Kh5 45. Kg3 Ne8 46. Nd6 Ng7 47. b4 Kg6 48. Kxg4 Kf6 49. h5 1-0


[Site "https://www.chess.com"]

[Event "Titled Tuesday Blitz July 25 Early 2023"]
[White "Perske, Thore"]
[Black "Turayev, Shahruh"]
[WhiteFideId "12902195"]
[BlackFideId "14003856"]
[WhiteElo "2491"]
[BlackElo "2708"]
[Result "0-1"]
[Round "4"]
[TimeControl "180+2"]
[Date "2023.07.25"]
[WhiteClock "0:00:05"]
[BlackClock "0:00:30"]
[Board "86"]

1. d4 Nf6 2. g3 d5 3. Bg2 e6 4. Nf3 Be7 5. O-O O-O 6. c4 dxc4 7. Qc2 b5 8. a4 b4 9. Nbd2 Bb7 10. Nxc4 a5 11. Bf4 Nd5 12. Rac1 Nd7 13. Nfe5 Nxe5 14. Bxe5 Bd6 15. e4 Ne7 16. Rfd1 Ng6 17. Bxd6 cxd6 18. e5 Bxg2 19. Kxg2 dxe5 20. dxe5 Qg5 21. Qe4 f5 22. exf6 Qxf6 23. Rd2 Ne7 24. Ne3 Nf5 25. Rc6 Nxe3+ 26. Qxe3 Rae8 27. Ra6 Qf5 28. Rd7 Rd8 29. Rxd8 Rxd8 30. Rxe6 Qd5+ 31. Qe4 Qxe4+ 32. Rxe4 Rd2 33. Re5 Rxb2 34. Rxa5 b3 35. Rb5 h6 36. h4 Ra2 37. Rxb3 Rxa4 38. f3 Ra2+ 39. Kh3 Ra7 40. g4 Ra4 41. Kg3 Rc4 42. Re3 Rb4 43. Re4 Rb1 44. Kf4 Kh7 45. g5 hxg5+ 46. hxg5 Kg6 47. Re6+ Kf7 48. Ra6 Rb5 49. Kg4 Rc5 50. f4 Rc1 51. g6+ Ke7 52. Kg5 Rg1+ 53. Kf5 Rb1 54. Ra7+ Kf8 55. Rf7+ Kg8 56. Rd7 Kf8 57. Rf7+ Kg8 58. Ra7 Kf8 59. Ra5 Ke7 60. Ke5 Re1+ 61. Kf5 Rh1 62. Ra7+ Kf8 63. Ra8+ Ke7 64. Ra5 Rh5+ 0-1


[Site "https://www.chess.com"]

[Event "Titled Tuesday Blitz July 25 Early 2023"]
[White "Jaracz, Pawel"]
[Black "Petrovic, Aleksa"]
[WhiteFideId "1102222"]
[BlackFideId "967629"]
[WhiteElo "2707"]
[BlackElo "2491"]
[Result "1/2-1/2"]
[Round "4"]
[TimeControl "180+2"]
[Date "2023.07.25"]
[WhiteClock "0:00:07"]
[BlackClock "0:00:29"]
[Board "87"]

1. d4 Nf6 2. c4 e6 3. Nc3 Bb4 4. Bg5 h6 5. Bh4 c5 6. d5 g5 7. Bg3 Ne4 8. Qc2 Qf6 9. Rc1 Bxc3+ 10. bxc3 Nxg3 11. hxg3 e5 12. e3 d6 13. Bd3 Nd7 14. Ne2 Nf8 15. f4 Ng6 16. Bxg6 fxg6 17. O-O Bf5 18. e4 Bg4 19. Qa4+ Bd7 20. Qb3 b6 21. f5 gxf5 22. exf5 g4 23. Qc2 O-O 24. Qe4 Bxf5 25. Qe3 Kg7 26. Rf2 Kg6 27. Rcf1 Qg5 28. Qxg5+ Kxg5 29. Nc1 Rf6 30. Nb3 Raf8 31. Nd2 h5 32. Kh2 Bd3 33. Rxf6 Rxf6 34. Rxf6 Kxf6 35. Kg1 b5 36. cxb5 Bxb5 37. c4 Bd7 38. Ne4+ Ke7 39. Kf2 Bf5 40. Nd2 Kd7 41. Nf1 Kc7 42. Ne3 Bd3 43. Ke1 Kb6 44. Kd2 Be4 45. Kc3 Kc7 46. Kb3 Kb6 47. Ka4 Ka6 48. Kb3 Ka5 49. Ka3 Kb6 50. Ka4 Ka6 51. Ka3 Bg6 52. Ka4 Be8+ 53. Kb3 Bd7 54. Ka3 Ka5 55. Kb3 Ba4+ 56. Ka3 Bd7 57. Kb3 Ba4+ 58. Ka3 Bd7 1/2-1/2


[Site "https://www.chess.com"]

[Event "Titled Tuesday Blitz July 25 Early 2023"]
[White "Koellner, Ruben Gideon"]
[Black "marik_spb"]
[WhiteFideId "12993093"]
[WhiteElo "2705"]
[BlackElo "2490"]
[Result "1-0"]
[Round "4"]
[TimeControl "180+2"]
[Date "2023.07.25"]
[WhiteClock "0:01:55"]
[BlackClock "0:00:06"]
[Board "88"]

1. d4 Nf6 2. Nf3 d5 3. e3 c5 4. c3 e6 5. Nbd2 Nbd7 6. Ne5 Bd6 7. f4 O-O 8. Bd3 g6 9. Qf3 Nh5 10. h4 f5 11. g4 fxg4 12. Qxg4 Nxe5 13. dxe5 d4 14. exd6 dxe3 15. Ne4 Rxf4 16. Qg5 Qxg5 17. hxg5 c4 18. Bc2 b5 19. Bxe3 Rg4 20. Rxh5 gxh5 21. Nf6+ Kg7 22. Nxg4 hxg4 23. Kf2 Bb7 24. Kg3 Rf8 25. Bd4+ Kg8 26. Bf6 Rf7 27. Rd1 Rd7 28. Kxg4 a5 29. Kf4 b4 30. Ke5 Bf3 31. Rd2 Bg4 32. Ba4 Rf7 33. d7 Rf8 34. d8=Q Rxd8 35. Rxd8+ Kf7 36. Be8+ 1-0


[Site "https://www.chess.com"]

[Event "Titled Tuesday Blitz July 25 Early 2023"]
[White "Mmukka"]
[Black "Goroshkov, Maksym"]
[BlackFideId "14142716"]
[WhiteElo "2489"]
[BlackElo "2703"]
[Result "1-0"]
[Round "4"]
[TimeControl "180+2"]
[Date "2023.07.25"]
[WhiteClock "0:01:21"]
[BlackClock "0:01:32"]
[Board "89"]

1. e4 e5 2. Nf3 d6 3. d4 Bg4 4. dxe5 Nd7 5. Be2 Bxf3 6. Bxf3 dxe5 7. O-O Ngf6 8. c3 c6 9. Qc2 Qc7 10. Nd2 Be7 11. a4 O-O 12. Nc4 Rfd8 13. Ne3 Nf8 14. Nf5 g6 15. Nxe7+ Qxe7 16. a5 Ne6 17. b4 Nf4 18. Be3 h5 19. g3 Ng4 20. Bxg4 hxg4 21. gxf4 Kg7 22. f3 exf4 23. Bxf4 gxf3 24. Rxf3 f6 25. Raf1 Rd7 26. Be3 Rad8 27. Bd4 Rxd4 28. cxd4 Rxd4 29. Qf2 Rxe4 30. Rxf6 Rg4+ 31. Kh1 Qe4+ 32. Qf3 Qxb4 33. Rf7+ Kh6 34. Qe3+ Kh5 35. Rh7# 1-0


[Site "https://www.chess.com"]

[Event "Titled Tuesday Blitz July 25 Early 2023"]
[White "Cherniaiev, Tykhon"]
[Black "Urbina Perez, Juan Antonio"]
[WhiteFideId "14182360"]
[BlackFideId "2217368"]
[WhiteElo "2703"]
[BlackElo "2469"]
[Result "1-0"]
[Round "4"]
[TimeControl "180+2"]
[Date "2023.07.25"]
[WhiteClock "0:00:03"]
[BlackClock "0:00:05"]
[Board "90"]

1. Nf3 d5 2. b3 Bf5 3. Bb2 e6 4. g3 Nf6 5. Bg2 h6 6. d3 Bd6 7. Nbd2 Qe7 8. O-O O-O 9. e4 dxe4 10. Nh4 Bh7 11. Nxe4 Nxe4 12. dxe4 e5 13. Nf5 Bxf5 14. exf5 c6 15. Qd3 Na6 16. Rad1 Rad8 17. Qc4 Nc7 18. Qg4 f6 19. Bc1 Kh8 20. Be4 Ba3 21. Be3 Bc5 22. Bc1 Ba3 23. Bd2 Nd5 24. Qh4 Bb4 25. Bc1 Ba3 26. Bd2 Bb4 27. Bxd5 Bxd2 28. Be6 Bb4 29. Qh5 Bc5 30. Kg2 Bb6 31. Qg6 Qe8 32. Qg4 Qe7 33. h4 Rxd1 34. Rxd1 Rd8 35. Rxd8+ Qxd8 36. Qg6 Qe7 37. g4 Bd8 38. Kf1 a6 39. g5 fxg5 40. hxg5 Qf8 41. f6 gxf6 42. gxh6 Be7 43. h7 Qg7 44. Qe8+ Kxh7 45. Qh5+ Qh6 46. Qf7+ Qg7 47. Bf5+ Kh8 48. Qh5+ Kg8 49. Qe8+ Qf8 50. Qg6+ Qg7 51. Qe8+ Qf8 52. Qd7 Kg7 53. Qxb7 Qd8 54. Qxc6 Qd1+ 55. Kg2 Qg4+ 56. Bxg4 1-0


[Site "https://www.chess.com"]

[Event "Titled Tuesday Blitz July 25 Early 2023"]
[White "Gubajdullin, Alexei"]
[Black "Dinu, Dumitru-Daniel"]
[WhiteFideId "4141202"]
[BlackFideId "1208403"]
[WhiteElo "2702"]
[BlackElo "2445"]
[Result "0-1"]
[Round "4"]
[TimeControl "180+2"]
[Date "2023.07.25"]
[WhiteClock "0:00:53"]
[BlackClock "0:00:21"]
[Board "91"]

1. d4 Nf6 2. Nf3 e6 3. Bf4 b6 4. e3 Bb7 5. Be2 g6 6. O-O Bg7 7. a4 a5 8. h3 O-O 9. Nc3 d6 10. Nb5 Nbd7 11. Nd2 e5 12. Bg3 Re8 13. dxe5 Nxe5 14. Nc4 Ne4 15. Bf4 Nxc4 16. Bxc4 Bxb2 17. Rb1 Bg7 18. Bd5 Bxd5 19. Qxd5 Qd7 20. Rfd1 c6 21. Qc4 cxb5 22. Rxb5 Rac8 23. Qb3 Qc6 24. Rxb6 Qxc2 25. Rd5 Qxf2+ 26. Kh2 Rc2 27. Qxc2 Qxc2 28. Rxa5 g5 29. Bg3 Nxg3 30. Kxg3 Rxe3+ 31. Kg4 Qxg2+ 0-1


[Site "https://www.chess.com"]

[Event "Titled Tuesday Blitz July 25 Early 2023"]
[White "Leon Oquendo, Jorge"]
[Black "Begunov, Konstantin"]
[WhiteFideId "3514803"]
[BlackFideId "4118510"]
[WhiteElo "2702"]
[BlackElo "2437"]
[Result "1-0"]
[Round "4"]
[TimeControl "180+2"]
[Date "2023.07.25"]
[WhiteClock "0:00:05"]
[BlackClock "0:00:05"]
[Board "92"]

1. d4 d5 2. c4 c6 3. Nf3 Nf6 4. e3 a6 5. b3 Bg4 6. Nbd2 e6 7. Bb2 Nbd7 8. h3 Bh5 9. Be2 Bd6 10. O-O Qe7 11. Ne5 Bxe2 12. Qxe2 O-O 13. f4 c5 14. Nxd7 Nxd7 15. e4 cxd4 16. cxd5 Bc5 17. Qd3 exd5 18. e5 f6 19. Rae1 fxe5 20. fxe5 Rxf1+ 21. Qxf1 Nxe5 22. Qf5 Re8 23. Kh1 Qf6 24. Qh5 Re7 25. Nf3 Nxf3 26. Qxd5+ Qf7 27. Qd8+ Qf8 28. Qd5+ Kh8 29. Rxe7 Qxe7 30. gxf3 Qe1+ 31. Kg2 Qe2+ 32. Kg3 Qe1+ 33. Kg4 Qg1+ 34. Kf4 Qh2+ 35. Kg4 Qd6 36. Qxd6 Bxd6 37. Bxd4 Kg8 38. Kf5 Kf7 39. h4 g6+ 40. Ke4 Ke6 41. Bf2 Be7 42. Bg3 Bf6 43. a4 h5 44. Bf2 Be7 45. Bg3 Bc5 46. Be1 Bg1 47. Bd2 Bc5 48. Bg5 Bd6 49. Be3 Bg3 50. Bg5 Bf2 51. Bd8 Bc5 52. Bg5 Bd6 53. Kd4 Kf5 54. Kd5 Bf4 55. Bd8 Bg3 56. b4 Bf4 57. b5 axb5 58. axb5 g5 59. hxg5 Bxg5 60. Bc7 h4 61. Bh2 Bf4 62. Bg1 h3 63. b6 Be3 64. Bxe3 1-0


[Site "https://www.chess.com"]

[Event "Titled Tuesday Blitz July 25 Early 2023"]
[White "Vaishali, Rameshbabu"]
[Black "Rangel, Daniel"]
[WhiteFideId "5091756"]
[BlackFideId "2124475"]
[WhiteElo "2702"]
[BlackElo "2432"]
[Result "1-0"]
[Round "4"]
[TimeControl "180+2"]
[Date "2023.07.25"]
[WhiteClock "0:00:05"]
[BlackClock "0:00:08"]
[Board "93"]

1. Nf3 d5 2. g3 Nf6 3. Bg2 e6 4. O-O Be7 5. d3 O-O 6. Nbd2 b6 7. e4 c5 8. Re1 dxe4 9. dxe4 Bb7 10. e5 Ne4 11. Qe2 Nxd2 12. Bxd2 Nc6 13. Rad1 Qc7 14. Bg5 Bxg5 15. Nxg5 Nd4 16. Qd3 g6 17. Bxb7 Qxb7 18. c3 Nf5 19. Ne4 h5 20. Nf6+ Kg7 21. h3 Rac8 22. Rd2 c4 23. Qe2 Rfd8 24. Rxd8 Rxd8 25. Qxc4 Qf3 26. Qe2 Qc6 27. Kh2 Qc5 28. Kg2 Qc6+ 29. Qf3 Qc5 30. Qf4 Qc6+ 31. Qe4 Qc5 32. Re2 Rd1 33. g4 hxg4 34. hxg4 Nh4+ 35. Kh3 Qc8 36. Kxh4 Qh8+ 37. Nh5+ gxh5 38. gxh5 Rg1 39. f4 Qd8+ 40. Kh3 Qd1 41. Rg2+ Kf8 42. Rxg1 Qxg1 43. Qa8+ Kg7 44. Qg2+ Qxg2+ 45. Kxg2 Kh6 46. Kf3 Kxh5 47. c4 a5 48. b3 Kg6 49. Ke4 f5+ 50. Kd4 Kh5 51. a3 Kg4 52. Ke3 Kg3 53. b4 a4 54. c5 bxc5 55. bxc5 1-0


[Site "https://www.chess.com"]

[Event "Titled Tuesday Blitz July 25 Early 2023"]
[White "Molina Carretero, Daniel"]
[Black "Marek, Matyas"]
[WhiteFideId "32071914"]
[BlackFideId "335398"]
[WhiteElo "2418"]
[BlackElo "2700"]
[Result "0-1"]
[Round "4"]
[TimeControl "180+2"]
[Date "2023.07.25"]
[WhiteClock "0:00:01"]
[BlackClock "0:00:05"]
[Board "94"]

1. c4 c5 2. g3 g6 3. Bg2 Bg7 4. Nc3 Nc6 5. a3 a5 6. Nf3 e5 7. d3 Nge7 8. Nd2 O-O 9. Nf1 d6 10. Ne3 Rb8 11. O-O Nd4 12. Ned5 Nxd5 13. Nxd5 Bg4 14. Re1 b5 15. f3 Be6 16. e3 Nf5 17. Rb1 Bxd5 18. cxd5 Bh6 19. e4 Bxc1 20. Qxc1 Nd4 21. Qh6 Qf6 22. Rf1 Qg7 23. Qe3 h5 24. f4 Qh6 25. Rf2 Kg7 26. Re1 b4 27. axb4 axb4 28. Ra1 Ra8 29. Qe1 h4 30. f5 hxg3 31. f6+ Kg8 32. hxg3 Qg5 33. Kh2 Kh7 34. Rxa8 Rxa8 35. Bh3 Ra2 36. Qb1 b3 37. Kg2 Qe3 38. Qh1 Qh6 39. Qb1 Ra4 40. Qd1 Ra2 41. Qb1 Kg8 42. Bd7 Qh5 43. Qg1 Nc2 44. Qb1 Ne3+ 45. Kg1 Ra7 0-1


[Site "https://www.chess.com"]

[Event "Titled Tuesday Blitz July 25 Early 2023"]
[White "Djokic, Mihailo"]
[Black "Pershina, Elena"]
[WhiteFideId "976440"]
[BlackFideId "24147516"]
[WhiteElo "2698"]
[BlackElo "2417"]
[Result "1-0"]
[Round "4"]
[TimeControl "180+2"]
[Date "2023.07.25"]
[WhiteClock "0:02:37"]
[BlackClock "0:02:09"]
[Board "95"]

1. e4 c5 2. Nf3 Nc6 3. d4 cxd4 4. Nxd4 Nf6 5. Nc3 e5 6. Ndb5 d6 7. Bg5 Be7 8. Bxf6 gxf6 9. Nd5 a6 10. Nbc7+ Kf8 11. Nxa8 f5 12. Nab6 fxe4 13. Nxc8 Qxc8 14. c3 Qf5 15. Be2 Rg8 16. g4 Qe6 17. Nxe7 Nxe7 18. Qb3 d5 19. Qxb7 Kg7 20. Qxa6 Qd7 21. g5 Nc6 22. Bb5 Rc8 23. O-O-O 1-0


[Site "https://www.chess.com"]